 Dungeon Crawl Stone Soup version 0.17.0-18-gaab0e96 (webtiles) character file.

2271 shklvsk the Conjurer (level 9, -16/71 HPs)
             Began as a Red Draconian Venom Mage on Nov 11, 2015.
             Was a Believer of Ashenzari.
             Engulfed by a cloud of freezing vapour (33 damage)
             ... on level 7 of the Dungeon.
             The game lasted 00:32:57 (9508 turns).

shklvsk the Conjurer (Red Draconian Venom Mage)     Turns: 9508, Time: 00:32:57

Health: -16/71     AC: 10    Str: 10    XL:     9   Next: 16%
Magic:  14/14      EV: 16    Int: 20    God:    Ashenzari [**....]
Gold:   349        SH:  0    Dex: 15    Spells: 4 memorised, 5 levels left

rFire  + . .     SeeInvis .     m - +1 spear (venom) (curse)
rCold  . . .     Clarity  .     (armour unavailable)
rNeg   . . .     SustAt   .     (no shield)
rPois  .         Gourm    .     (helmet restricted)
rElec  .         Spirit   .     q - +1 cloak (curse)
rCorr  .         Warding  .     A - +0 pair of gloves
rMut   .         Stasis   .     (no boots)
MR     .....                    (no amulet)
Stlth  ++........               c - +4 ring of dexterity
                                v - +1 ring of evasion

@: slowed, very slow, not resistant to hostile enchantments, unstealthy
A: breathe fire, unfitting armour, fire resistance 1, cold-blooded, AC +7
a: Breathe Fire, Scrying, Renounce Religion


You were on level 7 of the Dungeon.
You worshipped Ashenzari.
Ashenzari was pleased with you.
You were not hungry.

You visited 2 branches of the dungeon, and saw 8 of its levels.

You collected 349 gold pieces.

Inventory:

Hand Weapons
 e - a +1 flail
 i - a +0 mace
 m - a cursed +1 spear of venom (weapon)
 p - a +4 quarterstaff of chaos
 y - a +0 trident
Missiles
 k - 213 stones (quivered)
Armour
 q - a cursed +1 cloak (worn)
 A - a +0 pair of gloves (worn)
Jewellery
 c - a +4 ring of dexterity (right hand)
 f - an uncursed ring of positive energy
 v - a +1 ring of evasion (left hand)
Wands
 u - a wand of lightning (1)
Scrolls
 g - a scroll of fear
 o - a scroll of remove curse
 B - a scroll of identify
 C - a scroll of curse weapon
Potions
 h - 2 potions of flight
 l - 4 potions of brilliance
 r - 2 potions of curing
 w - a potion of mutation
 x - a potion of cancellation
 D - a potion of ambrosia {unknown}
Books
 a - a Young Poisoner's Handbook

   Spells                             Type                      Level
   a - Sting                          Conjuration/Poison           1
   b - Cure Poison                    Poison                       2
   c - Mephitic Cloud                 Conjuration/Poison/Air       3
   d - Olgreb's Toxic Radiance        Poison                       4
   e - Venom Bolt                     Conjuration/Poison           5
Comestibles
 b - 2 bread rations
 d - a slice of pizza
 j - 7 fruits
 n - a royal jelly
 z - a meat ration


   Skills:
 + Level 4.2 Fighting
 - Level 2.2 Maces & Flails
 + Level 3.0(5.0) Polearms
 + Level 5.1 Dodging
 + Level 4.4 Stealth
 + Level 3.8 Spellcasting
 + Level 6.2 Conjurations
 + Level 5.5 Poison Magic


You had 5 spell levels left.
You knew the following spells:

 Your Spells              Type           Power        Failure   Level  Hunger
a - Sting                 Conj/Pois      ####         1%          1    None
b - Cure Poison           Pois           ####......   2%          2    ##.....
c - Mephitic Cloud        Conj/Pois/Air  ###.....     10%         3    ###....
d - Olgreb's Toxic Radia  Pois           ####....     17%         4    ####...


Dungeon Overview and Level Annotations

Branches:
Dungeon (7/15)             Temple (1/1) D:6

Altars:
Ashenzari
Cheibriados
Dithmenos
Elyvilon
Fedhas
Gozag
Kikubaaqudgha
Makhleb
Nemelex Xobeh
Okawaru
Qazlal
Ru
Sif Muna
Trog
Vehumet
Xom
Yredelemnul
Zin
The Shining One

Annotations:
D:3 Grinder
D:7 exclusion: door, Menkaure


Innate Abilities, Weirdness & Mutations

You can breathe blasts of fire.
Your fiery red scales are hard (AC +7).
Your body does not fit into most forms of armour.
Your flesh is heat resistant.
You are cold-blooded and may be slowed by cold attacks.


Message History

There is an open door here.
You are engulfed in freezing vapours.
You are engulfed in freezing vapours.
You are engulfed in freezing vapours.
You feel yourself slow down.
You are engulfed in freezing vapours.
* * * LOW HITPOINT WARNING * * *
Read which item? (? for menu, Esc to quit)
Okay, then.
Drink which item? (? for menu, Esc to quit)
You feel much better.
You are engulfed in freezing vapours.
You feel yourself speed up.
You are engulfed in freezing vapours.
You feel yourself slow down.
You are engulfed in freezing vapours.
* * * LOW HITPOINT WARNING * * *
Read which item? (? for menu, Esc to quit)
Okay, then.
Drink which item? (? for menu, Esc to quit)
You feel better.
You are engulfed in freezing vapours.
You feel as though you will be slow longer.
You die...

#...#
#.#.........#
#...#
#.#.........#
'...#
#.#.........#
#...#
#.###########
....#
#.########
###.#
#...8.#$##
#.##
#.#.'.#$##
#..#
#.##8§#$##
###..##
#.###@#$##
......###
#.###§#$##
........#
#.###§#.##
....#.#|#
#.###§#.##
....#.#.#
#.###§#.##
....#...#
#.###§#.##
######..#
#.###§#.##
........#
#.###§#.##
........#
#.###.#.##


There were no monsters in sight!

Vanquished Creatures
  2 ice beasts
  2 orc warriors (D:7)
  2 black bears
  A necrophage (D:6)
  4 ogres
  A giant frog (D:6)
  2 scorpions
  2 quasits (D:6)
  A crimson imp (D:5)
  A centaur zombie (D:7)
  A wasp zombie (D:5)
  2 centaur skeletons
  6 hounds
  3 orc wizards (D:7)
  Crazy Yiuf (D:3)
  A giant frog skeleton (D:5)
  2 jellies
  3 orc priests (D:7)
  5 worker ants
  2 iguanas
  10 adders
  10 gnolls
  An ooze (D:4)
  An adder skeleton (D:6)
  4 worms
  10 orcs
  2 ball pythons
  8 goblins
  7 hobgoblins
  7 jackals
  5 quokkas
  7 bats
  7 giant cockroaches
  A giant cockroach zombie (D:6)
  3 giant geckos
  7 giant newts
  4 kobolds
  A quokka zombie (D:6)
  4 rats
143 creatures vanquished.

Vanquished Creatures (others)
  A scorpion (D:7)
1 creature vanquished.

Grand Total: 144 creatures vanquished

Notes
Turn   | Place    | Note
--------------------------------------------------------------
     0 | D:1      | shklvsk the Draconian Venom Mage began the quest for the Orb.
     0 | D:1      | Reached XP level 1. HP: 14/14 MP: 3/3
   322 | D:1      | Reached skill level 1 in Conjurations
   881 | D:1      | Reached XP level 2. HP: 4/20 MP: 0/5
  1011 | D:1      | Learned a level 2 spell: Cure Poison
  1497 | D:2      | Reached XP level 3. HP: 27/27 MP: 4/6
  1502 | D:2      | Learned a level 3 spell: Mephitic Cloud
  1521 | D:2      | Found a shattered altar of Ashenzari.
  1527 | D:2      | Became a worshipper of Ashenzari the Shackled
  1630 | D:2      | Reached skill level 1 in Fighting
  1931 | D:2      | Reached XP level 4. HP: 9/36 MP: 1/7
  1940 | D:2      | Reached skill level 1 in Maces & Flails
  2923 | D:3      | Noticed Grinder
  2962 | D:3      | Reached XP level 5. HP: 27/41 MP: 5/8
  3148 | D:3      | Found a radiant altar of Vehumet.
  3148 | D:3      | Found a burning altar of Makhleb.
  3393 | D:3      | Noticed Crazy Yiuf
  3401 | D:3      | Killed Crazy Yiuf
  3724 | D:4      | Found a sacrificial altar of Ru.
  3724 | D:4      | Found an ancient bone altar of Kikubaaqudgha.
  3725 | D:4      | Found an opulent altar of Gozag.
  3751 | D:4      | Found a blossoming altar of Fedhas.
  3870 | D:4      | Reached XP level 6. HP: 50/50 MP: 6/9
  4019 | D:4      | Found a bloodstained altar of Trog.
  4064 | D:4      | Noticed an ogre
  4116 | D:4      | Killed an ogre
  4645 | D:4      | Found a glowing silver altar of Zin.
  4928 | D:5      | Entered Level 5 of the Dungeon
  5282 | D:5      | Found a white marble altar of Elyvilon.
  5305 | D:5      | Your scales start taking on a fiery red colour.
  5305 | D:5      | Gained mutation: Your flesh is heat resistant. [Red Draconian growth]
  5305 | D:5      | Reached XP level 7. HP: 56/56 MP: 0/10
  5741 | D:5      | Found an opulent altar of Gozag.
  6022 | D:5      | Reached skill level 5 in Conjurations
  6858 | D:6      | Found a shimmering altar of Xom.
  6860 | D:6      | Reached * piety under Ashenzari
  6919 | D:6      | Reached skill level 1 in Polearms
  7008 | D:6      | Reached XP level 8. HP: 63/63 MP: 7/12
  7048 | D:6      | Learned a level 4 spell: Olgreb's Toxic Radiance
  7432 | D:6      | Found a sparkling altar of Nemelex Xobeh.
  7464 | D:6      | Found a staircase to the Ecumenical Temple.
  7481 | Temple   | Entered the Ecumenical Temple
  8153 | D:6      | Reached skill level 5 in Poison Magic
  8571 | D:7      | Reached skill level 6 in Conjurations
  8790 | D:7      | Noticed Menkaure
  8991 | D:7      | Reached skill level 5 in Dodging
  9066 | D:7      | Reached XP level 9. HP: 57/71 MP: 5/14
  9314 | D:7      | Reached ** piety under Ashenzari
  9508 | D:7      | Engulfed by a cloud of freezing vapour

Action                   |  1- 3 |  4- 6 |  7- 9 || total
-------------------------+-------+-------+-------++-------
Melee: Mace              |    66 |   113 |       ||   179
       Unarmed           |     1 |       |       ||     1
       Flail             |       |    33 |       ||    33
       Spear             |       |       |   333 ||   333
 Cast: Sting             |    40 |    67 |    50 ||   157
       Cure Poison       |       |     1 |     2 ||     3
       Mephitic Cloud    |       |     5 |    10 ||    15
  Use: Potion            |     4 |       |     2 ||     6
       Scroll            |     2 |     4 |     9 ||    15
 Stab: Sleeping          |     1 |     1 |     9 ||    11
       Distracted        |     1 |       |       ||     1
       Confused          |       |       |     3 ||     3
  Eat: Chunk             |     3 |    13 |    15 ||    31
